 Dungeon Crawl Stone Soup version 0.30.0-19-g36f170ea60 (webtiles) character file.

Game seed: 2649676361746892640

437 Ijustatesigmund the Trooper (level 7, -8/47 HPs)
             Began as a Gargoyle Fighter on May 30, 2023.
             Splashed by a jelly's acid (10 damage)
             ... on level 5 of the Dungeon.
             The game lasted 00:05:36 (3384 turns).

Ijustatesigmund the Trooper (Gargoyle Fighter)      Turns: 3384, Time: 00:05:36

Health: -8/47      AC:  2    Str: 20    XL:     7   Next: 1%
Magic:  7/7        EV:  9    Int: 10    God:
Gold:   208        SH:  4    Dex:  9    Spells: 6/6 levels left

rFire   . . .        a - +0 flail
rCold   . . .        c - +0 buckler
rNeg    + + .        b - +0 scale mail
rPois   ∞            (no helmet)
rElec   +            (no cloak)
rCorr   .            (no gloves)
SInv    .            i - +2 pair of boots
Will    .....        (no amulet) Stlth
                     h - ring of positive energy
HPRegen 0.27/turn    (no ring)
MPRegen 0.10/turn

%: no passive effects
@: corroded
A: sickness immunity, AC +4, negative energy resistance 1, electricity
resistance, torment resistance 1, petrification resistance
a: no special abilities


You were on level 5 of the Dungeon.
You visited 1 branch of the dungeon, and saw 5 of its levels.

You collected 208 gold pieces.

Inventory:

Hand Weapons
 a - a +0 flail (weapon)
Armour
 b - a +0 scale mail (worn)
 c - a +0 buckler (worn)
 i - a +2 pair of boots (worn)
Jewellery
 h - a ring of positive energy (left hand)
Scrolls
 f - 2 scrolls of teleportation
 j - a scroll of vulnerability {unknown}
 l - a scroll of fear {unknown}
 m - a scroll of poison {unknown}
Potions
 d - 2 potions of might
 e - a potion of haste {unknown}
 g - a potion of mutation
 n - a potion of attraction {unknown}


   Skills:
 + Level 6.3 Fighting
 + Level 5.2 Maces & Flails
 - Level 3.2 Armour
 - Level 3.2 Shields


You had 6 spell levels left.
You didn't know any spells.
Your spell library was empty.

Dungeon Overview and Level Annotations

Branches:
Dungeon (5/15)             Temple (0/1) D:5

Altars:
Vehumet
Zin

Annotations:
D:4 Eustachio
D:5 1 runed translucent door


Innate Abilities, Weirdness & Mutations

You are immune to sickness and miasma.
Your stone body is resilient. (AC +4)
You are immune to poison.
You resist negative energy. (rN+)
You are resistant to electric shocks. (rElec)
You are resistant to unholy torment.
You are immune to petrification.


Message History

You start resting.
HP restored.
You start waiting.
Done waiting.
A jelly comes into view.
The jelly quivers.
Found 6 gold pieces.
Found a stone staircase leading down.
Found a stone staircase leading up.
The jelly hits you but does no damage.
You barely miss the jelly. The jelly barely misses you. The jelly hits you.
The acid corrodes you!
You are splashed with acid!
You hit the jelly. The acid corrodes you!
Your hands burn!
The jelly is moderately wounded.
The jelly hits you but does no damage.
You hit the jelly but do no damage. The acid corrodes you!
Your hands burn!
The jelly is moderately wounded.
The jelly hits you. The acid corrodes you!
You are splashed with acid!
You are too injured to fight recklessly!
You are too injured to fight recklessly!
You are too injured to fight recklessly!
You are too injured to fight recklessly!
You are too injured to fight recklessly!
You are too injured to fight recklessly!
You are too injured to fight recklessly!
You are too injured to fight recklessly!
A jelly is nearby!
You hit the jelly but do no damage.
Your hands burn!
* * * LOW HITPOINT WARNING * * *
The jelly is moderately wounded.
The jelly hits you.
* * * LOW HITPOINT WARNING * * *
You are splashed with acid!
* * * LOW HITPOINT WARNING * * *
Okay, then.
Okay, then.
As you read the scroll labelled LUPTERPHI YTAZEPAL, it crumbles to dust.
You feel aware of your surroundings.
It was a scroll of magic mapping.
The jelly hits you.
* * * LOW HITPOINT WARNING * * *
You are splashed with acid!
You die...

,,,**,*,,,,,*,,,,*,,,,,,,*,,*+#,*
,,,,,,,,,,,**,.<,#.,,...**,,*~###
,,*,,,,,,,,,,,.....,....#*,,*~#.#
***,*,,,,,,,,,....##.....,,,*~#..
***,,**,,####.............*~#..
**,,***,*#......#....#....*,#..
**,,,* *,*##.........#*....*~#..
*,*,** *,,#...J#._.#.##....###..
**,,,,***,.#....@................
,,,,,,,,,.........#....#.........
**,,,,,,,..............##........
*,,,,,,,,.........#..†.##........
**,,,,,,,#.$......###.#.#........
>,,,,,,,,##.....>.#*#†..........#
**,*,,,,,..........,#...........#
,***,***,....##..##...#........##
** *,**,,,..#*...*#...##......##*


You could see a jelly.

Vanquished Creatures
  A black bear (D:3)
  A phantom (D:5)
  A scorpion (D:4)
  A hound (D:5)
  Jessica (D:2)
  2 orc wizards (D:4)
  An adder (D:3)
  2 gnolls
  An ufetubus (D:4)
  4 dart slugs
  2 worms (D:3)
  2 orcs (D:4)
  3 bats
  5 endoplasms
  3 giant cockroaches
  7 goblins
  2 hobgoblins
  2 jackals (D:2)
  6 kobolds
  5 quokkas
  5 ball pythons
  3 frilled lizards
  3 rats
63 creatures vanquished.

Notes
Turn   | Place    | Note
-------+----------+-------------------------------------------
     0 | D:1      | Ijustatesigmund the Gargoyle Fighter began the quest for
                  | the Orb.
     0 | D:1      | Reached XP level 1. HP: 14/14 MP: 1/1
    85 | D:1      | Reached XP level 2. HP: 19/19 MP: 2/2
   729 | D:2      | Reached XP level 3. HP: 10/24 MP: 3/3
   897 | D:2      | Reached skill level 4 in Fighting
   916 | D:2      | Found a glowing silver altar of Zin.
  1553 | D:2      | Reached XP level 4. HP: 22/30 MP: 4/4
  1655 | D:2      | Noticed Jessica
  1660 | D:2      | Killed Jessica
  2272 | D:3      | Noticed a black bear
  2280 | D:3      | Killed a black bear
  2281 | D:3      | Reached skill level 5 in Fighting
  2281 | D:3      | Reached XP level 5. HP: 35/35 MP: 5/5
  2756 | D:4      | Reached XP level 6. HP: 24/41 MP: 6/6
  3142 | D:4      | Reached skill level 6 in Fighting
  3156 | D:4      | Noticed Eustachio
  3160 | D:5      | Entered Level 5 of the Dungeon
  3160 | D:5      | Found a runed translucent door.
  3176 | D:5      | Found a radiant altar of Vehumet.
  3180 | D:5      | Reached skill level 5 in Maces & Flails
  3185 | D:5      | Reached XP level 7. HP: 22/47 MP: 7/7
  3384 | D:5      | HP: 2/47 [jelly (2)]
  3384 | D:5      | Splashed by a jelly's acid

Illustrated notes

Levels and vault maps discovered:
D:1:      dpeg_arrival_morbid_curiosity, layout_loops_ring
D:2:      wad_woods_stonehenge, layout_basic, nicolae_figureground_sparkle,
          uniq_jessica
D:3:      layout_rooms, serial_corexii_hall, chequers_hall_statues_y,
          corexii_hall_statues_x
D:4:      layout_gridville, kennysheep_another_room, uniq_eustachio
D:5:      layout_cave_pools, vehumet_altar_wand_db, minmay_temple_entry_ruins,
          ebering_ghost_sewer_d, st_stairs_7, wad_rectangle_vault

Skill      XL: |  1  2  3  4  5  6 |
---------------+-------------------+-----
Fighting       | 4 5 6 |  6.3
Maces & Flails | 3 4 5 |  5.2
Armour         | |  3.2
Shields        | |  3.2

Action                     |  1- 3 |  4- 6 |  7- 9 || total
---------------------------+-------+-------+-------++-------
  Melee: Flail             |    75 |   142 |    13 ||   230
    Use: Scroll            |     3 |     1 |     1 ||     5
 Armour: Scale mail        |    52 |    85 |     8 ||   145
  Dodge: Dodged            |    45 |    61 |     4 ||   110
  Block: Buckler           |    23 |    23 |       ||    46
